 Dungeon Crawl Stone Soup version 0.31-a0-4-gefa6de2278 (webtiles) character file.

Game seed: 13366619649205264580

495 qeuew the Covered (level 7, 0/43 HPs)
             Began as a Gargoyle Fighter on May 3, 2023.
             Slain by Edmund
             ... wielding a +2 flail of protection
              (5 damage)
             ... on level 4 of the Dungeon.
             The game lasted 00:04:52 (3332 turns).

qeuew the Covered (Gargoyle Fighter)                Turns: 3332, Time: 00:04:53

Health: 0/43       AC: 13    Str: 23    XL:     7   Next: 15%
Magic:  7/7        EV: 10    Int:  8    God:
Gold:   187        SH:  4    Dex: 10    Spells: 6/6 levels left

rFire   . . .        a - +0 flail
rCold   . . .        c - +0 buckler
rNeg    + . .        b - +1 scale mail
rPois   ∞            (no helmet)
rElec   +            (no cloak)
rCorr   .            (no gloves)
SInv    .            (no boots)
Will    .....        (no amulet) Stlth
                     (no ring)
HPRegen 0.27/turn    (no ring)
MPRegen 0.10/turn

%: no passive effects
@: mighty, invisible
A: sickness immunity, AC +4, negative energy resistance 1, electricity
resistance, torment resistance 1, petrification resistance, strong 1, subdued
magic 1, MP-powered wands, noise suppression
a: no special abilities


You were on level 4 of the Dungeon.
You visited 1 branch of the dungeon, and saw 4 of its levels.
You also visited: Sewer.

You collected 187 gold pieces.

Inventory:

Hand Weapons
 a - a +0 flail (weapon)
Armour
 b - a +1 scale mail (worn)
 c - a +0 buckler (worn)
Wands
 k - a wand of polymorph (4)
Scrolls
 f - a scroll of magic mapping
 h - a scroll of teleportation
Potions
 e - a potion of ambrosia
 g - a potion of flight
 i - a potion of curing
 j - a potion of invisibility
 l - a potion of magic {unknown}
 o - 2 potions of mutation


   Skills:
 + Level 4.2 Fighting
 * Level 4.1 Maces & Flails
 * Level 5.4 Armour
 + Level 1.6 Dodging
 + Level 4.4 Shields
 + Level 1.5 Evocations


You had 6 spell levels left.
You didn't know any spells.
Your spell library contained the following spells:

 Spells                   Type           Power      Damage    Failure   Level
 Foxfire                  Conj/Fire      0%         2x1d4     73%         1
 Freeze                   Ice            0%         1d3       73%         1
 Frozen Ramparts          Ice            0%         1d1       98%         3
 Hailstorm                Conj/Ice       0%         3d3       98%         3
 Volatile Blastmotes      Fire/Tloc      0%         2d10      98%         3
 Fulminant Prism          Conj/Hex       0%         3d5       100%        4
 Iskenderun's Mystic Bla  Conj/Tloc      0%         2d3       100%        4
 Fireball                 Conj/Fire      0%         3d3       100%        5
 Lee's Rapid Deconstruct  Erth           0%         3d4*      100%        5
 Plasma Beam              Fire/Air       0%         2x1d11    100%        6
 Starburst                Conj/Fire      0%         6d3       100%        6


Dungeon Overview and Level Annotations

Branches:
Dungeon (4/15)              Sewer (visited)
 Temple: D:4-7

Altars:
Uskayaw
Yredelemnul

Annotations:
D:4 Edmund


Innate Abilities, Weirdness & Mutations

You are immune to sickness and miasma.
Your stone body is resilient. (AC +4)
You are immune to poison.
You resist negative energy. (rN+)
You are resistant to electric shocks. (rElec)
You are resistant to unholy torment.
You are immune to petrification.
Your muscles are strong. (Str +4, Int/Dex -1)
Your spells are a little easier to cast, but a little less powerful.
You expend magic power (3 MP) to strengthen your wands.
You passively dampen the noise of your surroundings.


Message History

The iguana attacks as you move away! The iguana barely misses you.
The endoplasm attacks as you move away! You block the endoplasm's attack.
The endoplasm attacks as you move away! You block the endoplasm's attack.
The iguana attacks as you move away!
The iguana bites you but does no damage.
Edmund zaps a wand.
You hear a grinding noise.
Okay, then.
You fade into invisibility!
You block the iguana's attack. The endoplasm freezes you.
You feel very mighty all of a sudden.
The endoplasm hits you but does no damage.
The iguana bites you.
* * * LOW HITPOINT WARNING * * *
You sock the endoplasm!
You kill the endoplasm!
Unknown command.
You strike the helpless Edmund from behind!
You sock Edmund!
Edmund is moderately wounded.
The iguana bites you.
* * * LOW HITPOINT WARNING * * *
Edmund barely misses you.
Unknown command.
You sock Edmund!
Edmund is heavily wounded.
Edmund asks, "Have you met my wondrous brother?"
Edmund barely misses you. The iguana barely misses you.
Unknown command.
You thump Edmund!
Edmund is severely wounded.
The iguana completely misses you. Edmund barely misses you.
Unknown command.
You closely miss Edmund.
Edmund is severely wounded.
The iguana bites you!
* * * LOW HITPOINT WARNING * * *
Edmund hits you with a +2 flail of protection.
You die...

#<....#......#+#### ...# ..
#.....#......#....######..#...
#.....#......#....##..........
#.....#......#....#.......'...
#.....#......#....##......#...
#.....#......#....##......# ..
##'####......+............# .
#.....#......#@...........#
#.....#......@l######.##..#
#.....#....####.....#######
#.....#....# #.....#
#.....#....# #.....#
#######....# #.....# ######
#######


You could see Edmund (unable to see you) and an iguana (unable to see you).

Vanquished Creatures
  A water moccasin (D:4)
  An ogre (D:4)
  A kobold brigand (Sewer)
  2 hound skeletons (D:3)
  6 adders
  3 river rats
  6 worms
  2 adder skeletons (D:3)
  2 dart slugs
  7 orcs
  6 ball pythons
  3 endoplasms
  7 giant cockroaches
  5 goblins
  8 hobgoblins
  6 jackals (D:1)
  13 kobolds
  4 quokkas
  8 bats
  3 frilled lizards
  A giant cockroach zombie (D:3)
  A quokka skeleton (D:3)
  10 rats
106 creatures vanquished.

Vanquished Creatures (others)
  3 withered plants (D:3)
3 creatures vanquished.

Grand Total: 109 creatures vanquished

Notes
Turn   | Place    | Note
-------+----------+-------------------------------------------
     0 | D:1      | qeuew the Gargoyle Fighter began the quest for the Orb.
     0 | D:1      | Reached XP level 1. HP: 14/14 MP: 1/1
   146 | D:1      | Reached XP level 2. HP: 19/19 MP: 2/2
   705 | D:1      | Reached XP level 3. HP: 23/23 MP: 3/3
   927 | D:1      | Gained mutation: You passively dampen the noise of your
                  | surroundings. [potion of mutation]
   927 | D:1      | Gained mutation: Your muscles are strong. (Str +4, Int/Dex
                  | -1) [potion of mutation]
   927 | D:1      | Gained mutation: Your spells are a little easier to cast,
                  | but a little less powerful. [potion of mutation]
   927 | D:1      | Gained mutation: You expend magic power (3 MP) to
                  | strengthen your wands. [potion of mutation]
  1087 | D:2      | Reached skill level 4 in Armour
  1113 | D:2      | Found a hide-covered altar of Uskayaw.
  1139 | D:2      | Reached XP level 4. HP: 25/28 MP: 4/4
  1656 | D:3      | Found a glowing drain.
  1671 | Sewer    | Entered a sewer
  1687 | Sewer    | Reached XP level 5. HP: 25/33 MP: 5/5
  2011 | Sewer    | Noticed a kobold brigand
  2031 | Sewer    | Killed a kobold brigand
  2032 | Sewer    | Reached skill level 1 in Dodging
  2205 | D:3      | Identified the +8 dagger of the Building Gods {flame, rCorr
                  | Int+4}
  2224 | D:3      | Reached XP level 6. HP: 37/38 MP: 6/6
  2551 | D:3      | Found a basalt altar of Yredelemnul.
  2645 | D:3      | Reached skill level 1 in Evocations
  2909 | D:4      | Reached skill level 5 in Armour
  3104 | D:4      | Noticed a water moccasin
  3120 | D:4      | Killed a water moccasin
  3121 | D:4      | Reached XP level 7. HP: 22/43 MP: 7/7
  3307 | D:4      | Noticed Edmund
  3332 | D:4      | Slain by Edmund

Illustrated notes

Levels and vault maps discovered:
D:1:      evilmike_arrival_home_sweet_home, layout_basic,
          palyth_stone_intersect, corner_web_ring
D:2:      layout_basic, basic_altar
D:3:      layout_loops_ring, yredelemnul_altar_generic, gup_sewer_entry_bubbles,
          serial_undead, serial_undead_a, serial_undead_c, serial_undead_e,
          serial_undead_c, minmay_cut_off
D:4:      layout_gridville, temple_pool_b, ebering_ghost_disaster_area,
          uniq_edmund

Skill      XL: |  1  2  3  4  5  6 |
---------------+-------------------+-----
Armour         | 4 5 |  5.4
Maces & Flails | 3 4 |  4.1
Dodging        | 1 |  1.6
Shields        | 4 |  4.4
Evocations     | 1 |  1.5
Fighting       | 4 |  4.2

Action                     |  1- 3 |  4- 6 |  7- 9 || total
---------------------------+-------+-------+-------++-------
  Melee: Flail             |   128 |   255 |    12 ||   395
    Use: Scroll            |     4 |     7 |       ||    11
         Potion            |     3 |     5 |     2 ||    10
   Stab: Invisible         |       |       |     1 ||     1
 Armour: Scale mail        |   108 |   127 |     4 ||   239
  Dodge: Dodged            |    98 |   114 |     7 ||   219
  Block: Buckler           |    20 |    57 |     6 ||    83

Table legend: (Time is in decaauts)
 A = Elapsed time spent in this place.
 B = Non-inter-level travel time spent in this place.
 C = Inter-level travel time spent in this place.
 D = Time resting spent in this place.
 E = Time spent auto-exploring this place.
 F = Levels seen in this place.
 G = Mean time per level.
                   A        B        C        D        E       F      G
               +--------+--------+--------+--------+--------+-----+--------+
         Total |   3535 |   3431 |    104 |    119 |   2402 |   5 |  707.0 |
       Dungeon |   2982 |   2878 |    104 |    119 |   2042 |   4 |  745.5 |
         Sewer |    553 |    553 |      0 |      0 |    360 |   1 |  553.0 |
               +--------+--------+--------+--------+--------+-----+--------+

Top non-repeatable levels by time:
     D:1: 1057 daAuts
     D:3: 927 daAuts
     D:2: 555 daAuts
   Sewer: 553 daAuts
     D:4: 441 daAuts
